 Dungeon Crawl Stone Soup version 0.24-a0-365-ga4d96b6e6e (webtiles) character file.

Game seed: 17284437968646676198

133 MrOobling the Grasshopper (level 4, -5/34 HPs)
             Began as a Demonspawn Warper on May 27, 2019.
             Killed from afar by Ijyb (7 damage)
             ... with a puff of flame
             ... on level 4 of the Dungeon.
             The game lasted 00:17:26 (3351 turns).

MrOobling the Grasshopper (Demonspawn Warper)       Turns: 3351, Time: 00:17:27

Health: -5/34      AC:  8    Str: 12    XL:     4   Next: 94%
Magic:  3/7        EV: 11    Int: 15    God:
Gold:   169        SH:  0    Dex: 12    Spells: 6/8 levels left

rFire    . . .     SeeInvis .   a - +1 spear
rCold    . . .     Gourm    .   (no shield)
rNeg     . . .     Faith    .   t - +2 ring mail {MR+}
rPois    .         Spirit   .   (no helmet)
rElec    .         Reflect  .   (no cloak)
rCorr    .         Harm     .   s - +0 pair of gloves
MR       +....                  (no boots)
Stlth    +.........             (no amulet)
HPRegen  0.11/turn              (no ring)
MPRegen  0.10/turn              (no ring)

@: very slightly contaminated
A: talons 2
a: no special abilities


You were on level 4 of the Dungeon.
You were not hungry.

You visited 1 branch of the dungeon, and saw 5 of its levels.

You collected 169 gold pieces.

Inventory:

Hand Weapons
 a - a +1 spear (weapon)
 k - a +0 hunting sling
Missiles
 e - 5 boomerangs of dispersal (quivered)
 g - 8 boomerangs
 q - 210 stones
Armour
 b - a +0 leather armour
 h - a +0 pair of boots
 s - a +0 pair of gloves (worn)
 t - a +2 ring mail of magic resistance (worn)
 x - a +0 scale mail
Wands
 v - a wand of iceblast (8)
Scrolls
 c - 2 scrolls of amnesia {unknown}
 d - 2 scrolls of blinking
 i - 2 scrolls of teleportation {unknown}
 l - 3 scrolls of enchant weapon
 m - 2 scrolls of enchant armour {unknown}
 o - 2 scrolls of remove curse
 w - a scroll of magic mapping {unknown}
 y - 2 scrolls of identify {unknown}
Potions
 j - 2 potions of curing {unknown}
 n - 2 potions of heal wounds {unknown}
 p - a potion of berserk rage {unknown}
 u - a potion of flight {unknown}
Comestibles
 f - 7 rations
 r - a chunk of flesh


   Skills:
 + Level 2.4 Fighting
 + Level 2.3 Polearms
 - Level 0.8 Throwing
 * Level 2.0 Armour
 + Level 2.2 Dodging
 + Level 1.2 Stealth
 + Level 2.5 Spellcasting
 * Level 3.3 Translocations


You had 6 spell levels left.
You knew the following spells:

 Your Spells              Type           Power        Failure   Level  Hunger
a - Blink                 Tloc           N/A          19%         2    ###....

Your spell library contained the following spells:

 Spells                   Type           Power        Failure   Level  Hunger
 Shroud of Golubria       Chrm/Tloc      #.........   34%         2    ###....
 Gell's Gravitas          Tloc           ##........   34%         3    ###....
 Lesser Beckoning         Tloc           ##........   34%         3    ###....
 Teleport Other           Tloc           ##......     34%         3    ###....
 Passage of Golubria      Tloc           N/A          75%         4    #####..


Dungeon Overview and Level Annotations

Branches:
Dungeon (5/15)
 Temple: D:4-7

Altars:
Trog

Annotations:
D:4 Ijyb


Innate Abilities, Weirdness & Mutations

You have razor-sharp toenails.


Message History

Your ring mail prevents you from hitting Ijyb.
Ijyb is lightly wounded.
Ijyb zaps a wand.
The puff of flame hits you!
* * * LOW HITPOINT WARNING * * *
Casting: Blink (safe; 19% risk of failure)
Confirm with . or Enter, or press ? or * to list all spells.
You miscast Blink.
You are very lightly contaminated with residual magic.
Nothing appears to happen.
Ijyb closely misses you.
Casting: Blink (safe; 19% risk of failure)
Confirm with . or Enter, or press ? or * to list all spells.
You blink.
Ijyb zaps a wand.
The puff of flame hits you!
* * * LOW HITPOINT WARNING * * *
The ball python bites you but does no damage.
The ball python misses you.
The ball python bites you but does no damage.
The ball python grabs you. The ball python constricts you.
You escape the ball python's grasp.
Ijyb zaps a wand.
The puff of flame hits you!
You die...

#......# #......#
#......# #......#
...####......#..
.................
#########.S....#...#
#....# #.g....#...#
#....####@.....#####
#.....)>.........
#....##...........
#........#########
####......#
+.........#
####......###
#..........
#.#########


You could see Ijyb and a ball python.

Vanquished Creatures
  A hound (D:4)
  An iguana (D:4)
  A gnoll (D:1)
  An adder (D:2)
  3 dart slugs
  2 leopard geckos
  An orc (D:4)
  2 ball pythons
  8 bats
  7 giant cockroaches
  8 goblins
  A hobgoblin (D:2)
  3 kobolds
  4 frilled lizards
  4 rats
47 creatures vanquished.

Notes
Turn   | Place    | Note
-------+----------+-------------------------------------------
     0 | D:1      | MrOobling the Demonspawn Warper began the quest for the
                  | Orb.
     0 | D:1      | Reached XP level 1. HP: 16/16 MP: 3/3
    52 | D:1      | Reached skill level 1 in Armour
   239 | D:1      | Gained mutation: You have sharp toenails. [demonic
                  | ancestry]
   239 | D:1      | Reached XP level 2. HP: 17/22 MP: 5/5
   616 | D:1      | Learned a level 2 spell: Blink
   884 | D:1      | Gained mutation: You have razor-sharp toenails. [demonic
                  | ancestry]
   884 | D:1      | Reached XP level 3. HP: 24/27 MP: 6/6
  1230 | D:2      | Reached skill level 3 in Translocations
  1542 | D:2      | Reached skill level 1 in Stealth
  1829 | D:2      | Found a bloodstained altar of Trog.
  2102 | D:2      | Reached XP level 4. HP: 24/34 MP: 7/7
  3287 | D:5      | Entered Level 5 of the Dungeon
  3333 | D:4      | Noticed Ijyb
  3351 | D:4      | Killed from afar by Ijyb

Levels and vault maps discovered:
D:1:      elethiomel_arrival_quiet, layout_basic
D:2:      layout_loops_ring, marbit_many_paths, minivault_4
D:3:      layout_loops_ring
D:4:      layout_basic, nicolae_overflow_crystal_walls, vehumet_altar_wand_db,
          uniq_ijyb
D:5:      layout_basic, kennysheep_little_box, grunt_gozag_statues,
          serial_shops, shop, first_ration, nicolae_xom_altar_mimics

Skill      XL: |  1  2  3  4 |
---------------+-------------+-----
Armour         | 1 2 |  2.0
Polearms       | 2 |  2.3
Dodging        | 2 |  2.2
Translocations | 3 |  3.3
Stealth        | 1 |  1.2
Fighting       | |  2.4
Throwing       | |  0.8
Spellcasting   | |  2.5

Action                   |  1- 3 |  4- 6 || total
-------------------------+-------+-------++-------
Melee: Spear             |   149 |    65 ||   214
       Kick              |    20 |     9 ||    29
 Cast: Blink             |       |     1 ||     1
  Use: Scroll            |       |     2 ||     2
  Eat: Chunk             |     4 |     4 ||     8
Armor: Leather armour    |    13 |       ||    13
       Chain mail        |    60 |    13 ||    73
       Ring mail         |       |    14 ||    14
       Scale mail        |       |     1 ||     1
Dodge: Dodged            |    59 |    34 ||    93

Table legend:
 A = Non-vault XP
 B = Vault XP
 C = Vault XP percentage of total XP
 D = Non-vault monster count
 E = Vault monster count
 F = Vault count percentage of total count
                 A         B        C        D         E       F
            +---------+---------+-------+---------+---------+-------
      Total |     189 |       2 |   1.0 |      46 |       1 |   2.1
            +---------+---------+-------+---------+---------+-------
        D:1 |      44 |       0 |   0.0 |      16 |       0 |   0.0
        D:2 |      53 |       2 |   3.6 |      22 |       1 |   4.3
        D:3 |      10 |       0 |   0.0 |       5 |       0 |   0.0
        D:4 |      82 |       0 |   0.0 |       3 |       0 |   0.0
            +---------+---------+-------+---------+---------+-------
